 Dungeon Crawl Stone Soup version 0.30-a0-920-g7493c07aab (webtiles) character file.

Game seed: 16331224998420715787

79 kiwi3s the Chopper (level 4, 0/41 HPs)
             Began as a Minotaur Berserker on Mar 21, 2023.
             Was a Believer of Trog.
             Slain by an orc wizard
             ... wielding a +0 dagger
              (2 damage)
             ... on level 3 of the Dungeon.
             The game lasted 00:01:43 (1590 turns).

kiwi3s the Chopper (Minotaur Berserker)             Turns: 1590, Time: 00:01:44

Health: 0/41       AC:  2    Str: 23    XL:     4   Next: 16%
Magic:  3/3        EV: 12    Int:  4    God:    Trog [**....]
Gold:   8          SH:  0    Dex: 10    Spells: 3/3 levels left

rFire   . . .      SeeInvis .    a - +0 hand axe
rCold   . . .      Faith    .    (no shield)
rNeg    . . .      Spirit   .    b - +0 animal skin
rPois   .          Reflect  .    (helmet restricted)
rElec   .          Rampage  .    (no cloak)
rCorr   .                        (no gloves)
Will    .....                    (no boots)
Stlth   +                        (no amulet)
HPRegen 0.26/turn                (no ring)
MPRegen 0.08/turn                (no ring)

@: confused, invisible
A: horns 2, retaliatory headbutt
a: Renounce Religion, Berserk, Trog's Hand


You were on level 3 of the Dungeon.
You worshipped Trog.
Trog was pleased with you.
You visited 1 branch of the dungeon, and saw 3 of its levels.

You collected 58 gold pieces.
You spent 50 gold pieces at shops.

Inventory:

Hand Weapons
 a - a +0 hand axe (weapon)
Armour
 b - a +0 animal skin (worn)
Scrolls
 d - a scroll of poison {unknown}
 e - a scroll of summoning {unknown}
 f - 2 scrolls of noise {unknown}
 i - 4 scrolls of teleportation
 j - 3 scrolls of identify
Potions
 c - a potion of degeneration {unknown}
 g - a potion of mutation {unknown}
 h - a potion of heal wounds {unknown}
 k - a potion of invisibility
 l - a potion of ambrosia {unknown}


   Skills:
 + Level 4.3 Fighting
 + Level 4.3 Axes
 + Level 3.4 Armour
 + Level 3.1 Dodging


You had 3 spell levels left.
You didn't know any spells.
Your spell library was empty.

Dungeon Overview and Level Annotations

Branches:
Dungeon (3/15)

Altars:

Shops:
D:1 ?


Innate Abilities, Weirdness & Mutations

You have a pair of horns on your head.
You reflexively headbutt those who attack you in melee.


Message History

The orc completely misses you.
You closely miss the orc.
The orc is heavily wounded.
You miss something. Something hits you. The orc hits you with a +0 hand axe!
You slash the orc!
You kill the orc!
Trog accepts your kill.
You miss something. Something hits you. The kobold barely misses you.
Things that are here:
a +0 hand axe; a +0 ring mail; an orc corpse You barely miss the kobold.
You miss something. The kobold hits you with a +0 dagger. Something hits you.
You hit the kobold.
You kill the kobold!
Trog accepts your kill.
You hit something but do no damage. Something hits you but does no damage.
Something hits you. Something hits you but does no damage.
Things that are here:
a +0 dagger; 12 gold pieces You miss something.
Your punch misses something.
You hear some strange, mumbled words.
A puff of flame appears from out of thin air!
The puff of flame hits you!
* * * LOW HITPOINT WARNING * * *
You hit something but do no damage.
You hear some strange, mumbled words.
You are confused.
Something hits you.
* * * LOW HITPOINT WARNING * * *
A magic dart appears from out of thin air!
The magic dart hits you.
* * * LOW HITPOINT WARNING * * *
You bump into the metal wall.
You are too confused!
It was a potion of invisibility.
You fade into invisibility!
Something hits you.
You die...

### #.. ..# #.#######.#
#####.......#.#
.........#.#.##### .. ##
#.#.###.#.......#
#.###.###.####.#.#.###.#
..........###.......#.#
##.###.##@))).....#.#.#
........#.#####.###.#.#
#.###.##...# #.###.#.#
.......#.#.# #.......#
##.##...#..#
#####.###### #.#.#.##
#......... ...#...#
#.#.#####. ...#.#.#.#
##.#.#
##.##...#...####....###


There were no monsters in sight!

Vanquished Creatures
  2 adders (D:2)
  2 dart slugs
  2 orcs (D:3)
  8 endoplasms
  3 giant cockroaches
  4 hobgoblins (D:2)
  6 jackals
  4 kobolds
  2 quokkas (D:2)
  4 ball pythons
  3 bats
  3 frilled lizards (D:1)
  4 goblins
  2 rats (D:1)
49 creatures vanquished.

Notes
Turn   | Place    | Note
-------+----------+-------------------------------------------
     0 | D:1      | kiwi3s the Minotaur Berserker began the quest for the Orb.
     0 | D:1      | Reached XP level 1. HP: 19/19 MP: 0/0
    92 | D:1      | Found Ywyug's Magic Scroll Emporium.
   100 | D:1      | Found a faded altar of an unknown god.
   141 | D:1      | Reached XP level 2. HP: 26/27 MP: 1/1
   351 | D:1      | Reached ** piety under Trog
   357 | D:1      | You fall into a shaft and drop 1 floor!
   376 | D:2      | Reached XP level 3. HP: 25/33 MP: 2/2
  1104 | D:2      | Reached XP level 4. HP: 38/41 MP: 3/3
  1468 | D:1      | Bought a scroll of identify for 20 gold pieces
  1468 | D:1      | Bought a scroll of teleportation for 30 gold pieces
  1588 | D:3      | HP: 1/41 [something/magic dart (4)]
  1590 | D:3      | Slain by an orc wizard

Illustrated notes

Levels and vault maps discovered:
D:1:      dpeg_arrival_another_circle, layout_rooms, basic_ecumenical_altar,
          serial_shops, shop
D:2:      layout_loops_corners, palyth_stone_intersect
D:3:      layout_loops_corners, nicolae_concentric_dashed_squares_wild,
          uniq_grinder

Skill      XL: |  1  2  3 |
---------------+----------+-----
Fighting       | 4 |  4.3
Axes           | 4 |  4.3
Armour         | 3 |  3.4
Dodging        | 3 |  3.1

Action                     |  1- 3 |  4- 6 || total
---------------------------+-------+-------++-------
  Melee: Hand axe          |    79 |    14 ||    93
         Headbutt          |    12 |     1 ||    13
    Use: Potion            |       |     1 ||     1
   Stab: Sleeping          |     1 |       ||     1
 Armour: Animal skin       |    16 |     7 ||    23
  Dodge: Dodged            |    57 |     8 ||    65

Table legend: (Time is in decaauts)
 A = Elapsed time spent in this place.
 B = Non-inter-level travel time spent in this place.
 C = Inter-level travel time spent in this place.
 D = Time resting spent in this place.
 E = Time spent auto-exploring this place.
 F = Levels seen in this place.
 G = Mean time per level.
                   A        B        C        D        E       F      G
               +--------+--------+--------+--------+--------+-----+--------+
         Total |   1600 |   1465 |    135 |      0 |   1203 |   3 |  533.3 |
       Dungeon |   1600 |   1465 |    135 |      0 |   1203 |   3 |  533.3 |
               +--------+--------+--------+--------+--------+-----+--------+

Top non-repeatable levels by time:
     D:2: 986 daAuts
     D:1: 528 daAuts
     D:3: 84 daAuts
